 Dungeon Crawl Stone Soup version 0.27-a0-637-g3a9f0a9c12 (webtiles) character file.

Game seed: 302734680964704801

552 zzzxxxcccvvv the Covered (level 7, -1/60 HPs)
             Began as a Minotaur Fighter on Mar 14, 2021.
             Killed from afar by a white imp (9 damage)
             ... with a puff of frost
             ... summoned by Eustachio
             ... on level 4 of the Dungeon.
             The game lasted 00:16:26 (4097 turns).

zzzxxxcccvvv the Covered (Minotaur Fighter)         Turns: 4097, Time: 00:16:27

Health: -1/60      AC:  7    Str: 22    XL:     7   Next: 8%
Magic:  6/6        EV:  8    Int:  5    God:
Gold:   207        SH: 10    Dex: 10    Spells: 6/6 levels left

rFire    . . .     SeeInvis .   a - +0 war axe
rCold    . . .     Faith    .   c - +0 kite shield
rNeg     . . .     Spirit   .   b - +0 scale mail
rPois    .         Reflect  .   (helmet restricted)
rElec    .         Harm     .   (no cloak)
rCorr    .         Rampage  .   (no gloves)
Will     .....                  (no boots)
Stlth    ..........             (no amulet)
HPRegen  0.20/turn              (no ring)
MPRegen  0.10/turn              (no ring)

@: no status effects
A: horns 2, retaliatory headbutt
a: no special abilities


You were on level 4 of the Dungeon.
You visited 1 branch of the dungeon, and saw 4 of its levels.

You collected 207 gold pieces.

Inventory:

Hand Weapons
 a - a +0 war axe (weapon)
Missiles
 q - 51 stones (quivered)
Armour
 b - a +0 scale mail (worn)
 c - a +0 kite shield (worn)
Wands
 l - a wand of charming (8)
Scrolls
 e - 2 scrolls of magic mapping {unknown}
 f - a scroll of enchant weapon {unknown}
 h - 5 scrolls of identify {unknown}
 j - 3 scrolls of enchant armour {unknown}
 m - 2 scrolls of amnesia {unknown}
 n - a scroll of noise {unknown}
 r - 2 scrolls of teleportation {unknown}
 s - a scroll of immolation {unknown}
Potions
 d - a potion of might
 g - a potion of flight {unknown}
 i - a potion of heal wounds {unknown}
 k - 2 potions of curing {unknown}
 o - 2 potions of brilliance {unknown}
 p - 2 potions of magic {unknown}


   Skills:
 + Level 4.9 Fighting
 + Level 5.5 Axes
 + Level 0.1 Throwing
 + Level 5.6 Armour
 + Level 1.8 Dodging
 + Level 0.5 Stealth
 + Level 5.5 Shields


You had 6 spell levels left.
You didn't know any spells.
Your spell library contained the following spells:

 Spells                   Type           Power      Damage    Failure   Level
 Animate Skeleton         Necr           0%         N/A       99%         1
 Apportation              Tloc           0%         N/A       99%         1
 Corona                   Hex            0%         N/A       99%         1
 Summon Small Mammal      Summ           0%         N/A       99%         1


Dungeon Overview and Level Annotations

Branches:
Dungeon (4/15)
 Temple: D:4-7

Altars:
Ashenzari
Elyvilon
Ru
Uskayaw
Yredelemnul

Annotations:
D:4 Eustachio


Innate Abilities, Weirdness & Mutations

You have a pair of horns on your head.
You reflexively headbutt those who attack you in melee.


Message History

The white imp hits you but does no damage.
The white imp gestures at you. You block the puff of frost.
The white imp gestures at you. The puff of frost hits you!
You block Eustachio's attack.
You hit Eustachio. You headbutt Eustachio!
Eustachio is almost dead.
The white imp gestures at you. The puff of frost hits you!
Eustachio mumbles some strange words.
You closely miss Eustachio. Your headbutt misses Eustachio.
Eustachio is almost dead.
The white imp disappears in a puff of smoke!
Eustachio hits you but does no damage. You block the ufetubus's attack.
The ufetubus closely misses you.
You closely miss Eustachio.
Eustachio is almost dead.
You closely miss the white imp. You closely miss the iron imp.
You miss the ufetubus. You block Eustachio's attack.
You block the ufetubus's attack.
The ufetubus hits you but does no damage.
The white imp gestures at you. The puff of frost hits you!
The iron imp hits you!
* * * LOW HITPOINT WARNING * * *
You block the ufetubus's attack. x2; Eustachio barely misses you.
You barely miss Eustachio.
Eustachio is almost dead.
You barely miss the ufetubus. You hit the iron imp.
You closely miss the white imp. The white imp gestures at you.
The puff of frost hits you.
* * * LOW HITPOINT WARNING * * *
The ufetubus hits you but does no damage.
You block the ufetubus's attack. You block the iron imp's attack.
Eustachio closely misses you.
The ufetubus hits you but does no damage.
The ufetubus barely misses you. The white imp gestures at you.
The puff of frost hits you!
You die...

#..# ##......## #
#.## ###....# ##
##.# #########.
#..# ##... #..#
##..##
..#####.###
###..##
#........##
##...##
####ยง..55.##
###..###
##...@@..###...##
#..###5.#[....##
#..# ###.##..##
#.## #####..# #
#.# ##.## ####
<.# ##.####...
..## #.......# ..
##....### ...
##.###


You could see Eustachio, an iron imp (summoned), a white imp (summoned) and an
ufetubus (summoned).

Vanquished Creatures
  Sigmund (D:2)
  A hound (D:4)
  3 orc priests
  An iguana (D:4)
  3 worker ants (D:4)
  Terence (D:2)
  7 adders
  An ooze (D:2)
  A worm (D:4)
  A dart slug (D:2)
  A leopard gecko (D:3)
  8 orcs
  5 giant cockroaches
  6 goblins
  10 hobgoblins
  3 jackals (D:4)
  5 kobolds
  3 quokkas
  A ball python (D:2)
  5 bats
  A frilled lizard (D:2)
  11 rats
79 creatures vanquished.

Notes
Turn   | Place    | Note
-------+----------+-------------------------------------------
     0 | D:1      | zzzxxxcccvvv the Minotaur Fighter began the quest for the
                  | Orb.
     0 | D:1      | Reached XP level 1. HP: 19/19 MP: 0/0
   170 | D:1      | Reached XP level 2. HP: 27/27 MP: 1/1
   698 | D:2      | Noticed Terence
   723 | D:2      | Killed Terence
   724 | D:2      | Reached XP level 3. HP: 17/34 MP: 2/2
  1053 | D:2      | You fall into a shaft and drop 1 floor!
  1078 | D:2      | Found a basalt altar of Yredelemnul.
  1078 | D:2      | Found a white marble altar of Elyvilon.
  1078 | D:2      | Found a sacrificial altar of Ru.
  1078 | D:2      | Found a hide-covered altar of Uskayaw.
  1106 | D:3      | Reached XP level 4. HP: 41/41 MP: 3/3
  1813 | D:2      | Found a broken altar of Ashenzari.
  1849 | D:2      | Noticed Sigmund
  1855 | D:2      | Killed Sigmund
  1856 | D:2      | Reached skill level 1 in Dodging
  1856 | D:2      | Reached XP level 5. HP: 33/47 MP: 4/4
  2175 | D:3      | Reached XP level 6. HP: 53/53 MP: 5/5
  2191 | D:3      | Reached skill level 5 in Shields
  2247 | D:3      | Reached skill level 5 in Armour
  3161 | D:4      | Reached skill level 5 in Axes
  3747 | D:4      | Reached XP level 7. HP: 25/60 MP: 6/6
  4054 | D:4      | Noticed Eustachio
  4097 | D:4      | Killed from afar by a white imp

Illustrated notes

Levels and vault maps discovered:
D:1:      lordsloth_arrival_two_stooges, layout_basic
D:2:      layout_loops_ring, nicolae_overflow_hidden_temple, old_standard_altar,
          uniq_sigmund, uniq_terence
D:3:      layout_rooms
D:4:      layout_cave_pods, uniq_edmund, uniq_eustachio

Skill      XL: |  1  2  3  4  5  6 |
---------------+-------------------+-----
Fighting       | 4 |  4.9
Axes           | 3 4 5 |  5.5
Armour         | 4 5 |  5.6
Shields        | 4 5 |  5.5
Dodging        | 1 |  1.8
Throwing       | |  0.1
Stealth        | |  0.5

Action                   |  1- 3 |  4- 6 |  7- 9 || total
-------------------------+-------+-------+-------++-------
Melee: War axe           |    89 |   104 |    33 ||   226
       Headbutt          |    11 |    10 |     5 ||    26
Throw: Stone             |       |     3 |       ||     3
Armor: Scale mail        |    41 |    46 |    23 ||   110
Dodge: Dodged            |    20 |    47 |    21 ||    88
Block: Kite shield       |    40 |    48 |    29 ||   117

Table legend: (Time is in decaauts)
 A = Elapsed time spent in this place.
 B = Non-inter-level travel time spent in this place.
 C = Inter-level travel time spent in this place.
 D = Time resting spent in this place.
 E = Time spent auto-exploring this place.
 F = Levels seen in this place.
 G = Mean time per level.
                   A        B        C        D        E       F      G
               +--------+--------+--------+--------+--------+-----+--------+
         Total |   4215 |   4215 |      0 |   1083 |   1778 |   4 | 1053.8 |
       Dungeon |   4215 |   4215 |      0 |   1083 |   1778 |   4 | 1053.8 |
               +--------+--------+--------+--------+--------+-----+--------+

Top non-repeatable levels by time:
     D:2: 1583 daAuts
     D:3: 1097 daAuts
     D:4: 978 daAuts
     D:1: 555 daAuts
